 Dungeon Crawl Stone Soup version 0.30-a0-622-gddc90eaa04 (webtiles) character file.

Game seed: 16092444681336614771

1807 bmack86 the Fighter (level 8, -4/75 HPs)
             Began as a Minotaur Fighter on Jan 11, 2023.
             Was a Believer of Okawaru.
             Slain by a howler monkey (5 damage)
             ... on level 6 of the Dungeon.
             The game lasted 00:11:59 (4081 turns).

bmack86 the Fighter (Minotaur Fighter)              Turns: 4081, Time: 00:12:00

Health: -4/75      AC: 16    Str: 23    XL:     8   Next: 84%
Magic:  7/7        EV:  7    Int:  5    God:    Okawaru [**....]
Gold:   22         SH:  6    Dex: 10    Spells: 7/7 levels left

rFire   . . .      SeeInvis .    a - +1 war axe
rCold   + . .      Faith    .    c - +1 buckler
rNeg    . . .      Spirit   .    o - +0 chain mail
rPois   .          Reflect  .    (helmet restricted)
rElec   .          Harm     .    (no cloak)
rCorr   .          Rampage  .    m - +2 pair of gloves
Will    .....                    v - +1 pair of boots Stlth
                                 (no amulet)
HPRegen 0.32/turn                f - ring of protection from cold
MPRegen 0.10/turn                (no ring)

@: no status effects
A: horns 2, retaliatory headbutt
a: Renounce Religion, Heroism


You were on level 6 of the Dungeon.
You worshipped Okawaru.
Okawaru was pleased with you.
You visited 2 branches of the dungeon, and saw 7 of its levels.

You collected 175 gold pieces.
You spent 153 gold pieces at shops.

Inventory:

Hand Weapons
 a - a +1 war axe (weapon)
Armour
 b - a +0 scale mail
 c - a +1 buckler (worn)
 m - a +2 pair of gloves (worn)
 o - a +0 chain mail (worn)
 v - a +1 pair of boots (worn)
Jewellery
 f - a ring of protection from cold (left hand)
 r - a ring of fire
Wands
 t - a wand of roots (12)
 x - a wand of light (7)
Scrolls
 e - a scroll of enchant weapon
 h - a scroll of poison
 l - a scroll of fog
Potions
 d - 5 potions of might
 g - 2 potions of heal wounds
 i - a potion of flight
 k - a potion of brilliance
 n - 2 potions of curing
 p - 2 potions of haste
 q - 4 potions of mutation
 s - a potion of ambrosia {unknown}
 u - a potion of cancellation {unknown}
 w - a potion of invisibility {unknown}


   Skills:
 * Level 8.7 Fighting
 * Level 8.3 Axes
 + Level 6.6 Armour
 + Level 6.6 Shields


You had 7 spell levels left.
You didn't know any spells.
Your spell library contained the following spells:

 Spells                   Type           Power      Damage    Failure   Level
 Slow                     Hex            0%         N/A       99%         1
 Confusing Touch          Hex            0%         N/A       100%        3
 Portal Projectile        Hex/Tloc       0%         N/A       100%        3
 Vampiric Draining        Necr           0%         2d6       100%        3
 Leda's Liquefaction      Hex/Erth       0%         N/A       100%        4
 Blade Hands              Tmut           0%         N/A       100%        5
 Borgnjor's Vile Clutch   Necr/Erth      0%         N/A       100%        5
 Iron Shot                Conj/Erth      0%         9d1       100%        6
 Call Canine Familiar     Summ           Unusable   N/A       N/A         3
 Animate Armour           Summ/Erth      Unusable   N/A       N/A         4
 Animate Dead             Necr           Unusable   N/A       N/A         4
 Death Channel            Necr           Unusable   N/A       N/A         6

Dungeon Overview and Level Annotations

Branches:
Dungeon (6/15)             Temple (1/1) D:4

Altars:
Ashenzari
Cheibriados
Fedhas
Gozag
Nemelex Xobeh
Okawaru
Qazlal
Ru
Trog
Uskayaw
Wu Jian
Yredelemnul
Zin

Shops:
D:3 ?   D:5 [


Innate Abilities, Weirdness & Mutations

You have a pair of horns on your head.
You reflexively headbutt those who attack you in melee.


Message History

* * * LOW HITPOINT WARNING * * *
A howler monkey comes into view.
You block the orc's attack.
The howler monkey howls!
You slash the orc!
You kill the orc!
Okawaru accepts your kill.
The sky beast flickers out of sight!
Deactivating autopickup; reactivate with Ctrl-A.
Something hits you but does no damage. You block something's attack.
Things that are here:
a +0 falchion; a +0 ring mail Something hits you but does no damage.
You closely miss something. Something hits you but does no damage.
You closely miss something. You slash the howler monkey!
The howler monkey hits you.
* * * LOW HITPOINT WARNING * * *
Something hits you but does no damage.
You hit something. You hit the howler monkey.
The howler monkey hits you but does no damage.
Something hits you but does no damage.
You slash something! Your headbutt misses something.
You barely miss the howler monkey.
The howler monkey hoots and howls with incredible vigour!
Something hits you but does no damage.
The howler monkey hits you but does no damage.
You hear a shout!
You hit something but do no damage. You closely miss the howler monkey.
Something hits you.
* * * LOW HITPOINT WARNING * * *
Something shocks you.
* * * LOW HITPOINT WARNING * * *
The howler monkey hits you but does no damage.
Something hits you.
* * * LOW HITPOINT WARNING * * *
Something shocks you.
* * * LOW HITPOINT WARNING * * *
The howler monkey hits you.
You die...

..........
..........
.........#
.........#####
............#
...........####
#..{h.......
########.).@...###
#................#
#.###..............
#.#<#...)))........
#......))).........
#....####....######
#....# #.........
#....# #....../...
#....# #..........


You could see a howler monkey (catching breath).

Vanquished Creatures
  Sigmund (D:2)
  5 yaks (D:5)
  A water moccasin (D:5)
  A phantom (D:5)
  2 scorpions
  An orc priest (D:6)
  3 hounds (D:4)
  A jelly (D:6)
  An iguana (D:5)
  Natasha (thrice) (D:3)
  An orc wizard (D:6)
  Robin (D:2)
  15 adders
  6 gnolls
  2 river rats (D:5)
  An ufetubus (D:3)
  3 worms
  4 dart slugs
  6 orcs
  4 bats
  9 endoplasms
  2 giant cockroaches
  9 goblins
  17 hobgoblins
  10 jackals
  4 quokkas
  10 ball pythons
  A frilled lizard (D:2)
  10 kobolds
  3 rats
137 creatures vanquished.

Notes
Turn   | Place    | Note
-------+----------+-------------------------------------------
     0 | D:1      | bmack86 the Minotaur Fighter began the quest for the Orb.
     0 | D:1      | Reached XP level 1. HP: 19/19 MP: 0/0
     6 | D:1      | Noticed a black mamba
     6 | D:1      | Noticed a wyvern
     7 | D:1      | Noticed a wolf
    97 | D:1      | Reached XP level 2. HP: 22/27 MP: 1/1
   210 | D:1      | Found a faded altar of an unknown god.
   359 | D:1      | Reached XP level 3. HP: 33/33 MP: 2/2
  1093 | D:2      | Noticed Sigmund
  1103 | D:2      | Killed Sigmund
  1104 | D:2      | Reached skill level 5 in Fighting
  1104 | D:2      | Reached XP level 4. HP: 39/42 MP: 3/3
  1104 | D:2      | Reached XP level 5. HP: 45/48 MP: 4/4
  1216 | D:2      | Noticed Robin
  1222 | D:2      | Killed Robin
  1378 | D:3      | Reached XP level 6. HP: 47/56 MP: 5/5
  1421 | D:3      | Found Kaeruifura's Magic Scroll Boutique.
  1480 | D:3      | Noticed Natasha
  1484 | D:3      | Killed Natasha
  1485 | D:3      | Reached skill level 5 in Axes
  1746 | D:3      | Noticed Natasha
  1755 | D:3      | Killed Natasha
  1858 | D:3      | Noticed Natasha
  1870 | D:3      | Killed Natasha
  2151 | D:4      | Found a staircase to the Ecumenical Temple.
  2164 | Temple   | Entered the Ecumenical Temple
  2212 | Temple   | Became a worshipper of Warmaster Okawaru
  2501 | D:4      | Reached skill level 5 in Shields
  2610 | D:4      | Reached skill level 5 in Armour
  2616 | D:4      | Reached XP level 7. HP: 59/63 MP: 6/6
  3095 | D:5      | Entered Level 5 of the Dungeon
  3199 | D:5      | Found Vomeps's Antique Armour Emporium.
  3207 | D:5      | Bought a pair of boots for 153 gold pieces
  3302 | D:5      | Reached * piety under Okawaru
  3481 | D:5      | Noticed a yak
  3481 | D:5      | Noticed a yak
  3482 | D:5      | Noticed a yak
  3483 | D:5      | Noticed a yak
  3484 | D:5      | Noticed a yak
  3491 | D:5      | Killed a yak
  3491 | D:5      | Killed a yak
  3492 | D:5      | Reached XP level 8. HP: 51/73 MP: 7/7
  3493 | D:5      | Reached ** piety under Okawaru
  4081 | D:6      | HP: 1/75 [something (6)]
  4081 | D:6      | Slain by a howler monkey

Illustrated notes

Levels and vault maps discovered:
D:1:      onia_arrival_zoo_common, layout_rooms,
          hellmonk_ecumenical_altar_arch_garden, amcnicky_mini_corridor_feature,
          minmay_misc_feat_hallway, chequers_hall_statues_wall_a
D:2:      layout_loops_cross, minmay_tromino_v7, uniq_robin, uniq_sigmund
D:3:      layout_basic, serial_shops, shop, uniq_natasha
D:4:      minmay_chambers_of_threes, layout_basic,
          minmay_temple_entry_mini_moons, chequers_big_river
D:5:      layout_loops_ring, portal_sewer_entry_b, serial_shops, shop
D:6:      gammafunk_wand_slinger, layout_basic
Temple:   nicolae_temple_god_jail

Skill      XL: |  1  2  3  4  5  6  7  8 |
---------------+-------------------------+-----
Fighting       | 4 5 6 7 8 |  8.7
Axes           | 3 4 5 7 8 |  8.3
Armour         | 4 5 6 |  6.6
Shields        | 4 5 6 |  6.6

Action                   |  1- 3 |  4- 6 |  7- 9 || total
-------------------------+-------+-------+-------++-------
Melee: War axe           |    60 |   111 |    97 ||   268
       Headbutt          |    18 |    19 |    11 ||    48
  Use: Scroll            |     4 |     8 |     5 ||    17
       Potion            |       |       |     1 ||     1
Armor: Scale mail        |    37 |    49 |       ||    86
       Chain mail        |       |     8 |    62 ||    70
Dodge: Dodged            |    34 |    58 |    47 ||   139
Block: Buckler           |    17 |    44 |    30 ||    91

Table legend: (Time is in decaauts)
 A = Elapsed time spent in this place.
 B = Non-inter-level travel time spent in this place.
 C = Inter-level travel time spent in this place.
 D = Time resting spent in this place.
 E = Time spent auto-exploring this place.
 F = Levels seen in this place.
 G = Mean time per level.
                   A        B        C        D        E       F      G
               +--------+--------+--------+--------+--------+-----+--------+
         Total |   4191 |   4064 |    127 |     62 |   2615 |   7 |  598.7 |
       Dungeon |   4119 |   3992 |    127 |     62 |   2615 |   6 |  686.5 |
        Temple |     71 |     71 |      0 |      0 |      0 |   1 |   71.0 |
               +--------+--------+--------+--------+--------+-----+--------+

Top non-repeatable levels by time:
     D:5: 924 daAuts
     D:4: 906 daAuts
     D:3: 822 daAuts
     D:2: 731 daAuts
     D:1: 661 daAuts
     D:6: 74 daAuts
  Temple: 71 daAuts
